 Dungeon Crawl Stone Soup version 0.21-a0-227-g58a7c62 (webtiles) character file.

53342 Kidiri the Eclecticist (level 14, -7/80 HPs)
             Began as a Deep Elf Fire Elementalist on Aug 30, 2017.
             Was an Elder of Vehumet.
             Mangled by a komodo dragon (14 damage)
             ... on level 6 of the Lair of Beasts.
             The game lasted 01:45:08 (20494 turns).

Kidiri the Eclecticist (DEFE)                      Turns: 20494, Time: 01:45:08

Health: -7/80      AC: 27    Str:  5    XL:     14   Next: 30%
Magic:  30/35      EV: 10    Int: 28    God:    Vehumet [****..]
Gold:   2032       SH:  9    Dex: 25    Spells: 9/44 levels left

rFire    + + .     SeeInvis .   P - +2 trident of Fimbulwinter {flame, rC+ Dex+4}
rCold    + . .     Gourm    .   K - +2 buckler
rNeg     . . .     Faith    .   Y - +2 scale mail {rF+}
rPois    .         Spirit   .   F - +2 hat {MR+}
rElec    .         Reflect  .   G - +2 cloak
rCorr    .         Harm     .   s - +2 pair of gloves
MR       ++...     Clarity  +   l - +0 pair of boots of Weightlessness {+Blink rF+ Int+2} (curse)
Stlth    ++........             e - amulet of magic regeneration
HPRegen  0.23/turn              p - +4 ring of protection
MPRegen  0.49/turn              j - +4 ring of dexterity

@: no status effects
A: slimy green scales 1, thin metallic scales 1, thin skeletal structure 1,
clarity
a: Renounce Religion, Evoke Blink


You were on level 6 of the Lair of Beasts.
You worshipped Vehumet.
Vehumet was greatly pleased with you.
You were not hungry.

You visited 3 branches of the dungeon, and saw 16 of its levels.
You also visited: Ice Cave and Volcano.

You collected 2032 gold pieces.

Inventory:

Hand Weapons
 M - a +3 dagger of flaming
 P - the +2 trident of Fimbulwinter (weapon) {flame, rC+ Dex+4}
   (You found it in a volcano)

   It has been specially enchanted to burn those struck by it, causing extra
   injury to most foes and up to half again as much damage against particularly
   susceptible opponents.
   It affects your dexterity (+4).
   It protects you from cold.
Armour
 l - the cursed +0 pair of boots of Weightlessness (worn) {+Blink rF+ Int+2}
   (You found it on level 2 of the Lair of Beasts)

   It affects your intelligence (+2).
   It protects you from fire.
   It lets you blink.
   It has a curse placed upon it.
 s - a +2 pair of gloves (worn)
 F - a +2 hat of magic resistance (worn)
 G - a +2 cloak (worn)
 K - a +2 buckler (worn)
 Y - a +2 scale mail of fire resistance (worn)
Jewellery
 e - an amulet of magic regeneration (around neck)
 j - a +4 ring of dexterity (right hand)
 m - an uncursed ring of flight
 p - a +4 ring of protection (left hand)
 y - an uncursed amulet of regeneration
 D - an uncursed ring of ice
Wands
 i - a wand of iceblast (8/15)
 k - a wand of paralysis (14/24)
 r - a wand of polymorph (18/24)
 A - a wand of enslavement (18/24)
 B - a wand of confusion (10/48)
 C - a wand of confusion (22/48)
 N - a wand of disintegration (8/24)
Scrolls
 a - a scroll of identify
 d - 4 scrolls of teleportation
 f - a scroll of fog
 q - a scroll of magic mapping
 v - 2 scrolls of immolation
 z - a scroll of amnesia
 O - 8 scrolls of remove curse
 T - a scroll of recharging
Potions
 h - 5 potions of curing
 n - 3 potions of might
 o - 2 potions of brilliance
 t - 2 potions of ambrosia
 u - 5 potions of haste
 w - a potion of lignification
 x - 3 potions of heal wounds
 E - 4 potions of flight
 J - 4 potions of agility
 L - 5 potions of berserk rage
 W - 3 potions of resistance
Books
 b - a Young Poisoner's Handbook

   Spells                             Type                      Level
   a - Sting                          Conjuration/Poison           1
   b - Poisonous Vapours              Poison/Air                   2
   c - Mephitic Cloud                 Conjuration/Poison/Air       3
   d - Olgreb's Toxic Radiance        Poison                       4
   e - Venom Bolt                     Conjuration/Poison           5
 I - a book of Misfortune

   Spells                             Type                      Level
   a - Confusing Touch                Hexes                        1
   b - Confuse                        Hexes                        3
   c - Gell's Gravitas                Translocation                3
   d - Petrify                        Transmutation/Earth          4
   e - Metabolic Englaciation         Hexes/Ice                    5
   f - Yara's Violent Unravelling     Hexes/Transmutation          5
Comestibles
 c - 8 bread rations
 g - 15 meat rations
 H - 5 chunks of flesh


   Skills:
 + Level 6.4 Fighting
 + Level 7.8 Short Blades
 + Level 6.4 Armour
 + Level 9.9 Dodging
 - Level 2.4 Stealth
 + Level 5.3 Shields
 * Level 15.6 Spellcasting
 + Level 9.1 Conjurations
 + Level 9.8 Fire Magic
 + Level 5.9 Air Magic
 + Level 7.1 Poison Magic


You had 9 spell levels left.
You knew the following spells:

 Your Spells              Type           Power        Failure   Level  Hunger
a - Flame Tongue          Conj/Fire      #####        1%          1    None
b - Throw Flame           Conj/Fire      ######       1%          2    None
c - Conjure Flame         Conj/Fire      ######..     1%          3    None
d - Inner Flame           Hex/Fire       #####...     4%          3    None
e - Sticky Flame          Conj/Fire      ######..     1%          4    None
f - Fireball              Conj/Fire      ######....   5%          5    None
g - Airstrike             Air            ######....   9%          4    None
h - Lightning Bolt        Conj/Air       ######....   12%         5    None
i - Sting                 Conj/Pois      ####         1%          1    None
j - Mephitic Cloud        Conj/Pois/Air  ######..     1%          3    None
k - Olgreb's Toxic Radia  Pois           ######..     5%          4    None


Dungeon Overview and Level Annotations

Branches:
Dungeon (9/15)             Temple (1/1) D:5            Lair (6/6) D:9
 Shoals (0/4) Lair:3        Snake (0/4) Lair:3        Slime (0/5) Lair:5
    Orc (0/2) D:9

Altars:
Ashenzari
Cheibriados
Dithmenos
Elyvilon
Fedhas
Gozag
Hepliaklqana
Kikubaaqudgha
Makhleb
Nemelex Xobeh
Okawaru
Qazlal
Ru
Sif Muna
Trog
Uskayaw
Vehumet
Wu Jian
Xom
Yredelemnul
Zin
The Shining One

Shops:
D:5 !


Innate Abilities, Weirdness & Mutations

You are partially covered in slimy green scales. (AC +2)
You are partially covered in thin metallic scales. (AC +2)
You have a somewhat thin skeletal structure. (Dex +2, Stealth)
You possess an exceptional clarity of mind.


Message History

Confirm with . or Enter, or press ? or * to list all spells.
Aiming: Sticky Flame
Press: ? - help, Shift-Dir - straight line, f/p - komodo dragon
Aim: a komodo dragon (lightly wounded)
The sticky flame hits the komodo dragon.
The komodo dragon is moderately wounded.
The komodo dragon is covered in liquid flames!
The komodo dragon burns!
The komodo dragon bites you!
Unknown command.
You hit the komodo dragon. You burn the komodo dragon.
The komodo dragon is moderately wounded.
The komodo dragon burns!
The komodo dragon bites you! x2
You hit the komodo dragon but do no damage.
The komodo dragon is moderately wounded.
The komodo dragon burns! x2; The komodo dragon bites you!!
* * * LOW HITPOINT WARNING * * *
You hit the komodo dragon. You burn the komodo dragon.
The komodo dragon is heavily wounded.
The komodo dragon burns!
The komodo dragon bites you!
You die...

..... #..... .# #....
...## ### ##..##
.....##.###....##
......#..#......#
......P..#.....#
......l@......P#
..............####
.........P.#.....##
..........##......##
.......#...........##
.................÷..##
≈.................%..#
≈♣...................###
..#.............##


You could see a komodo dragon (burning).

Vanquished Creatures
  Gastronok (Lair:3)
  A stone giant (Volcano)
  Nessos (Lair:4)
  A dire elephant (Lair:2)
  8 hydras
  2 two-headed ogres (D:9)
  An alligator (Lair:5)
  8 death yaks
  A lindwurm (Lair:2)
  Pikel (D:8)
  3 ugly things
  7 oklob plants
  12 elephants
  6 black mambas
  A molten gargoyle (Volcano)
  3 ice statues (IceCv)
  8 spiny frogs
  A kobold demonologist (D:8)
  A gargoyle (Volcano)
  3 rime drakes
  An efreet (Volcano)
  4 komodo dragons
  Grinder (D:3)
  3 blink frogs (Lair:4)
  6 hippogriffs
  2 slime creatures (Lair:5)
  2 fire bats (Volcano)
  3 hogs (D:7)
  27 yaks
  8 basilisks
  A human (D:7)
  2 hungry ghosts
  A steam dragon (Lair:5)
  Eustachio (D:5)
  A vampire mosquito (Lair:5)
  Menkaure (D:5)
  2 swamp worms (Lair:5)
  Duvessa (D:6)
  2 nagas (Lair:3)
  7 water moccasins
  9 porcupines
  2 orc warriors (D:6)
  2 black bears
  4 slaves (D:8)
  9 ice beasts
  3 sky beasts
  A necrophage (D:8)
  6 ogres
  5 centaurs
  16 wolves
  12 crocodiles
  7 big kobolds (D:8)
  2 earth elementals (Volcano)
  19 bullfrogs
  A wyvern skeleton (D:9)
  4 scorpions
  Dowan (D:6)
  2 howler monkeys
  5 killer bees (D:7)
  5 electric eels
  4 lava snakes (Volcano)
  2 crimson imps
  3 bullfrog zombies
  3 centaur zombies
  3 quasits
  3 jellies
  A centaur skeleton (D:9)
  Crazy Yiuf (D:5)
  A bullfrog skeleton (D:5)
  7 hounds
  5 orc priests
  An iguana (D:4)
  4 orc wizards
  6 worker ants
  A hound skeleton (D:9)
  2 worker ant zombies
  5 gnolls
  12 adders
  4 adder skeletons
  A worm (D:3)
  A dart slug (D:1)
  4 leopard geckos
  34 orcs
  10 bats
  A giant cockroach (D:3)
  10 hobgoblins
  13 jackals
  3 quokkas
  2 ball pythons
  2 frilled lizards
  3 goblins
  12 kobolds
  A leopard gecko skeleton (D:5)
  7 rats
  3 plants (Lair:3)
436 creatures vanquished.

Vanquished Creatures (others)
  A bush (Lair:2)
  9 fungi
  13 plants
  8 toadstools (Lair:2)
31 creatures vanquished.

Grand Total: 467 creatures vanquished

Notes
Turn   | Place    | Note
-------+----------+-------------------------------------------
     0 | D:1      | Kidiri the Deep Elf Fire Elementalist began the quest for the Orb.
     0 | D:1      | Reached XP level 1. HP: 10/10 MP: 6/6
   130 | D:1      | Reached XP level 2. HP: 13/15 MP: 0/8
   134 | D:1      | Learned a level 2 spell: Throw Flame
   637 | D:2      | Reached skill level 4 in Spellcasting
   641 | D:2      | Reached XP level 3. HP: 19/19 MP: 1/10
   676 | D:2      | Learned a level 3 spell: Conjure Flame
   680 | D:2      | Learned a level 3 spell: Inner Flame
   919 | D:2      | Reached XP level 4. HP: 24/24 MP: 7/12
  1365 | D:3      | Noticed Grinder
  1381 | D:3      | Killed Grinder
  1381 | D:3      | Reached skill level 6 in Spellcasting
  1381 | D:3      | Reached XP level 5. HP: 26/28 MP: 5/15
  1381 | D:3      | Reached XP level 6. HP: 30/32 MP: 5/17
  1387 | D:3      | Learned a level 4 spell: Sticky Flame
  1410 | D:3      | Found a blossoming altar of Fedhas.
  1913 | D:3      | Learned a level 5 spell: Fireball
  1970 | D:4      | Found a hide-covered altar of Uskayaw.
  2037 | D:4      | Found an ornate altar of the Wu Jian Council.
  2254 | D:4      | Found a shattered altar of Ashenzari.
  2320 | D:4      | Reached skill level 1 in Short Blades
  2320 | D:4      | Reached skill level 7 in Spellcasting
  2324 | D:4      | Reached XP level 7. HP: 32/37 MP: 5/19
  2534 | D:4      | Reached skill level 1 in Fighting
  2604 | D:4      | Found a shimmering altar of Xom.
  3071 | D:4      | Reached skill level 1 in Armour
  3071 | D:4      | Reached skill level 5 in Fire Magic
  3103 | D:5      | Entered Level 5 of the Dungeon
  3148 | D:5      | Noticed Eustachio
  3156 | D:5      | Killed Eustachio
  3156 | D:5      | Reached skill level 8 in Spellcasting
  3192 | D:5      | Got a smoking lapis lazuli ring
  3193 | D:5      | Identified the ring of Equivalence {rF+++ rC+ Str-3 Int-3 SInv} (You found it on level 5 of the Dungeon)
  3215 | D:5      | Found Ciela's Distillery.
  3244 | D:5      | Noticed Menkaure
  3250 | D:5      | Killed Menkaure
  3250 | D:5      | Reached XP level 8. HP: 14/44 MP: 17/22
  3680 | D:5      | Found a staircase to the Ecumenical Temple.
  3693 | Temple   | Entered the Ecumenical Temple
  3905 | Temple   | Became a worshipper of Vehumet
  3966 | D:5      | Found a runed door.
  3970 | D:5      | Noticed Crazy Yiuf
  3975 | D:5      | Killed Crazy Yiuf
  4098 | D:6      | Reached skill level 9 in Spellcasting
  4312 | D:6      | Noticed Dowan
  4327 | D:6      | Noticed Duvessa
  4342 | D:6      | Killed Dowan
  4343 | D:6      | Reached skill level 5 in Conjurations
  4557 | D:6      | Reached XP level 9. HP: 40/49 MP: 8/24
  4654 | D:6      | Killed Duvessa
  4718 | D:6      | Found an ancient bone altar of Kikubaaqudgha.
  4838 | D:6      | Found a white marble altar of Elyvilon.
  5178 | D:7      | Reached skill level 5 in Dodging
  5178 | D:7      | Reached skill level 10 in Spellcasting
  5180 | D:7      | Reached * piety under Vehumet
  5180 | D:7      | Offered knowledge of Sting by Vehumet.
  5198 | D:7      | Learned a level 1 spell: Sting
  5717 | D:7      | Reached skill level 1 in Poison Magic
  5965 | D:7      | Offered knowledge of Magic Dart by Vehumet.
  5965 | D:7      | Reached XP level 10. HP: 56/56 MP: 13/26
  5975 | D:7      | Reached ** piety under Vehumet
  6136 | D:7      | Reached skill level 1 in Shields
  6460 | D:8      | Noticed Pikel
  6465 | D:8      | Reached skill level 11 in Spellcasting
  6465 | D:8      | Killed Pikel
  6743 | D:8      | Found a glowing golden altar of the Shining One.
  6797 | D:8      | Gained mutation: You are weak. (Str -2) [mutagenic meat]
  6798 | D:8      | Gained mutation: You are partially covered in thin metallic scales. (AC +2) [mutagenic meat]
  6799 | D:8      | Gained mutation: You are partially covered in slimy green scales. (AC +2) [mutagenic meat]
  6800 | D:8      | Gained mutation: You have a somewhat thin skeletal structure. (Dex +2, Stealth) [mutagenic meat]
  6801 | D:8      | Gained mutation: You possess an exceptional clarity of mind. [mutagenic meat]
  6802 | D:8      | Lost mutation: You are weak. (Str -2) [mutagenic meat]
  7409 | D:8      | Noticed a rust devil
  7501 | D:8      | Noticed a sun demon
  7536 | D:8      | Offered knowledge of Mephitic Cloud by Vehumet.
  7548 | D:8      | Learned a level 3 spell: Mephitic Cloud
  7890 | D:8      | Reached *** piety under Vehumet
  7901 | D:9      | Noticed a two-headed ogre
  7917 | D:9      | Killed a two-headed ogre
  7917 | D:9      | Reached skill level 5 in Short Blades
  7920 | D:9      | Found an opulent altar of Gozag.
  7941 | D:9      | Noticed a purple ugly thing
  7951 | D:9      | Killed a purple ugly thing
  7951 | D:9      | Reached skill level 1 in Air Magic
  7951 | D:9      | Reached XP level 11. HP: 55/61 MP: 12/28
  8086 | D:9      | Noticed a two-headed ogre
  8096 | D:9      | Killed a two-headed ogre
  8096 | D:9      | Reached skill level 12 in Spellcasting
  8373 | D:9      | Found a staircase to the Lair.
  8690 | D:9      | Offered knowledge of Airstrike by Vehumet.
  8696 | D:9      | Learned a level 4 spell: Airstrike
  8710 | D:9      | Found a staircase to the Orcish Mines.
  8909 | Lair:1   | Entered Level 1 of the Lair of Beasts
  9127 | Lair:1   | Learned a level 4 spell: Olgreb's Toxic Radiance
 10127 | Lair:2   | Found a frozen archway.
 10143 | IceCv    | Entered an ice cave
 10146 | IceCv    | Reached **** piety under Vehumet
 10178 | IceCv    | Noticed a white ugly thing
 10218 | IceCv    | Killed a white ugly thing
 10350 | IceCv    | Noticed a white ugly thing
 10359 | IceCv    | Killed a white ugly thing
 10359 | IceCv    | Offered knowledge of Lightning Bolt by Vehumet.
 10431 | IceCv    | Learned a level 5 spell: Lightning Bolt
 10598 | Lair:2   | Got a pair of steaming boots
 10604 | Lair:2   | Identified the cursed +0 pair of boots of Weightlessness {+Blink rF+ Int+2} (You found it on level 2 of the Lair of Beasts)
 10755 | Lair:2   | Noticed a death yak
 10761 | Lair:2   | Noticed a five-headed hydra
 10779 | Lair:2   | Reached XP level 12. HP: 32/68 MP: 17/30
 11188 | Lair:2   | Killed a death yak
 11243 | Lair:2   | Reached skill level 5 in Fighting
 11364 | Lair:2   | Reached skill level 13 in Spellcasting
 11594 | Lair:2   | Found a runed door.
 11618 | Lair:2   | Noticed a dire elephant
 11737 | Lair:2   | Reached skill level 5 in Poison Magic
 11770 | Lair:2   | Killed a five-headed hydra
 11770 | Lair:2   | Reached skill level 5 in Armour
 12090 | Lair:2   | Killed a dire elephant
 12395 | Lair:3   | Noticed Gastronok
 12448 | Lair:3   | Found a staircase to the Snake Pit.
 12545 | Lair:3   | Killed Gastronok
 13052 | Lair:3   | Reached ***** piety under Vehumet
 13133 | Lair:3   | Offered knowledge of Fulminant Prism by Vehumet.
 13134 | Lair:3   | Reached skill level 14 in Spellcasting
 13445 | Lair:3   | Reached XP level 13. HP: 73/73 MP: 18/33
 13583 | Lair:3   | Found a staircase to the Shoals.
 14494 | Lair:4   | Noticed Nessos
 14501 | Lair:4   | Killed Nessos
 14556 | Lair:4   | Found a dark tunnel.
 14572 | Volcano  | Entered a volcano
 15065 | Volcano  | Found a burning altar of Makhleb.
 15070 | Volcano  | Noticed a stone giant
 15389 | Volcano  | Killed a stone giant
 15851 | Volcano  | Got a scorched trident
 16135 | Lair:1   | Identified the +2 trident of Fimbulwinter {flame, rC+ Dex+4} (You found it in a volcano)
 16328 | Lair:4   | Reached skill level 5 in Air Magic
 17146 | Lair:4   | Reached skill level 15 in Spellcasting
 17394 | Lair:4   | Reached skill level 5 in Shields
 18721 | Lair:5   | Reached XP level 14. HP: 68/80 MP: 12/35
 19765 | Lair:5   | Found a staircase to the Slime Pits.
 20106 | Lair:6   | Entered Level 6 of the Lair of Beasts
 20494 | Lair:6   | Mangled by a komodo dragon

Vault maps used:
D:1:      dpeg_arrival_boxes_within_box
D:2:      first_bread, solitary_fountain
D:3:      fedhas_altar_fruit_tree, uniq_grinder
D:4:      nicolae_ashenzari_panopticon, tgw_xom, eat_drink_and_be_merry_uskayaw,
          lemuel_doored_altar, minmay_item_behind_shaft, minmay_misc_feat_tiny
D:5:      minmay_temple_entry_purple_smoke, serial_shops, nicolae_shop_crystal,
          uniq_menkaure, uniq_eustachio, uniq_crazy_yiuf_cottage
D:6:      overflow_temple_1_default, lemuel_coloured_pillars_altar,
          minmay_misc_feat_plants, serial_bayou_lagoon_b, uniq_duvessa
D:7:      grunt_livestock
D:8:      kennysheep_little_box, special_room, uniq_pikel
D:9:      cheibrodos_fzero, nicolae_gozag_seed_capital, lair_entry_dummy,
          orc_0_dummy, minmay_misc_feat_rows
Temple:   nicolae_temple_figure_eight
Lair:1:   st_stairs_9, serial_bayou_ford_a
Lair:2:   gammafunk_lair_enchanted_lake, portal_ice_cave_entry_pillars_1
Lair:3:   shoals_dummy_entry, guppyfry_snake_entry_garden,
          minmay_lair_oklob_chamber, serial_bayou_shore_b, uniq_gastronok
Lair:4:   nicolae_volcano_entry_lava_flow, st_stairs_5, uniq_nessos
Lair:5:   onia_ninara_swampy_vault, minmay_slime_entry_oklob_open
Lair:6:   due_jungle_book, serial_bayou_pond_e, minivault_11, wad_woods_river_03
IceCv:    ice_cave_statue_garden_chambered
Volcano:  volcano_lake

Skill      XL: |  1  2  3  4  5  6  7  8  9 10 11 12 13 14 |
---------------+-------------------------------------------+-----
Spellcasting   | 4 6 7 8 9 10 11 12 14 15 | 15.6
Conjurations   | 2 3 4 5 6 7 8 9 |  9.1
Fire Magic     | 4 5 6 7 8 9 |  9.8
Short Blades   | 1 2 3 4 5 6 7 |  7.8
Fighting       | 2 3 4 5 6 |  6.4
Armour         | 1 2 3 4 5 6 |  6.4
Dodging        | 3 4 5 6 7 8 9 |  9.9
Poison Magic   | 2 3 4 5 6 7 |  7.1
Shields        | 2 3 4 5 |  5.3
Air Magic      | 1 3 4 5 |  5.9
Stealth        | |  2.4

Action                   |  1- 3 |  4- 6 |  7- 9 | 10-12 | 13-15 || total
-------------------------+-------+-------+-------+-------+-------++-------
Melee: Dagger            |     9 |     3 |     2 |    77 |    11 ||   102
       Short sword       |       |       |    55 |   218 |       ||   273
       Trident           |       |       |       |       |    81 ||    81
 Cast: Flame Tongue      |    62 |    41 |   163 |   273 |   123 ||   662
       Throw Flame       |     5 |    19 |    25 |    56 |    21 ||   126
       Sticky Flame      |       |     3 |    20 |    80 |    54 ||   157
       Inner Flame       |       |       |    10 |     8 |     1 ||    19
       Conjure Flame     |       |       |     8 |     8 |     2 ||    18
       Fireball          |       |       |     4 |    24 |    26 ||    54
       Sting             |       |       |     3 |    10 |       ||    13
       Mephitic Cloud    |       |       |       |     7 |     4 ||    11
       Airstrike         |       |       |       |    10 |    60 ||    70
       Olgreb's Toxic Ra |       |       |       |    17 |    14 ||    31
       Lightning Bolt    |       |       |       |    29 |    36 ||    65
Evoke: Wand              |       |       |       |     7 |     1 ||     8
  Use: Scroll            |       |     5 |    11 |    17 |     8 ||    41
       Potion            |       |       |       |     2 |     2 ||     4
 Stab: Sleeping          |     1 |       |     3 |     4 |     1 ||     9
       Distracted        |       |       |       |     1 |       ||     1
       Confused          |       |       |       |     2 |     2 ||     4
  Eat: Chunk             |       |     4 |    12 |    15 |     8 ||    39
       Fruit             |       |       |    10 |     4 |     1 ||    15
       Royal jelly       |       |       |     1 |     8 |     1 ||    10
       Bread ration      |       |       |       |       |     2 ||     2
Armor: Robe              |     6 |     1 |    46 |   117 |    16 ||   186
       Scale mail        |       |       |       |       |    86 ||    86
Dodge: Dodged            |    40 |    14 |   102 |   274 |   103 ||   533
Block: Buckler           |       |       |       |    87 |    85 ||   172

Table legend:
 A = Spawn XP
 B = Non-spawn XP
 C = Spawn XP percentage of total XP
 D = Spawn monster count
 E = Non-spawn monster count
 F = Spawn count percentage of total count
 G = Total turns spent on level
                    A         B        C        D         E        F      G
               +---------+---------+-------+---------+---------+-------+---------
         Total |   12137 |   64067 |  15.9 |      90 |     339 |  21.0 | 20494
               +---------+---------+-------+---------+---------+-------+---------
           D:1 |       4 |      31 |  11.4 |       2 |      19 |   9.5 |   635
           D:2 |       0 |      63 |   0.0 |       0 |      17 |   0.0 |   497
           D:3 |      18 |     319 |   5.3 |       3 |      15 |  16.7 |   828
           D:4 |     354 |     290 |  55.0 |      15 |      10 |  60.0 |  1145
           D:5 |      62 |     864 |   6.7 |       3 |      19 |  13.6 |   736
           D:6 |      40 |    1047 |   3.7 |       1 |      16 |   5.9 |  1068
           D:7 |     376 |    2795 |  11.9 |      13 |      35 |  27.1 |  1346
           D:8 |     576 |    2890 |  16.6 |      12 |      28 |  30.0 |  1427
           D:9 |      72 |    3701 |   1.9 |       2 |      27 |   6.9 |   986
        Lair:1 |     452 |    3517 |  11.4 |       1 |      17 |   5.6 |  1458
        Lair:2 |    2712 |    6514 |  29.4 |      15 |      22 |  40.5 |  2557
        Lair:3 |    1572 |   11683 |  11.9 |       3 |      35 |   7.9 |  1911
        Lair:4 |    2018 |   10323 |  16.4 |       9 |      26 |  25.7 |  1076
        Lair:5 |    3418 |   11075 |  23.6 |       7 |      23 |  23.3 |  2385
        Lair:6 |     463 |    2305 |  16.7 |       4 |       7 |  36.4 |   388
         IceCv |       0 |    3220 |   0.0 |       0 |      11 |   0.0 |   363
       Volcano |       0 |    3430 |   0.0 |       0 |      12 |   0.0 |  1447
               +---------+---------+-------+---------+---------+-------+---------
